 Dungeon Crawl Stone Soup version 0.21.0-3-g78d12a8 (webtiles) character file.

1285 Suckerboh the Magician (level 8, -6/42 HPs)
             Began as a Deep Elf Fire Elementalist on Jan 14, 2018.
             Was an Initiate of Vehumet.
             Mangled by an orc
             ... wielding a +0 flail
              (7 damage)
             ... on level 5 of the Dungeon.
             The game lasted 00:08:16 (5175 turns).

Suckerboh the Magician (Deep Elf Fire Elementalist) Turns: 5175, Time: 00:08:16

Health: -6/42      AC:  3    Str: 14    XL:     8   Next: 29%
Magic:  4/21       EV: 13    Int: 26    God:    Vehumet [......]
Gold:   231        SH:  0    Dex: 12    Spells: 9/22 levels left

rFire    . . .     SeeInvis .   a - +2 short sword (elec)
rCold    . . .     Gourm    .   (no shield)
rNeg     . . .     Faith    .   f - +0 robe
rPois    +         Spirit   .   (no helmet)
rElec    .         Reflect  .   j - +0 cloak
rCorr    .         Harm     .   (no gloves)
MR       .....                  (no boots)
Stlth    ++........             h - amulet of inaccuracy (curse)
HPRegen  0.14/turn              u - ring of Zin's Generosity {*Corrode rPois Str+9 Int+3 Dex-3}
MPRegen  0.17/turn              (no ring)

@: very slightly contaminated
A: no striking features
a: Renounce Religion


You were on level 5 of the Dungeon.
You worshipped Vehumet.
Vehumet was noncommittal.
You were hungry.

You visited 2 branches of the dungeon, and saw 6 of its levels.

You collected 231 gold pieces.

Inventory:

Hand Weapons
 a - a +2 short sword of electrocution (weapon)
Armour
 f - a +0 robe (worn)
 j - a +0 cloak (worn)
Jewellery
 h - a cursed amulet of inaccuracy (around neck)
 p - an uncursed amulet of guardian spirit {unknown}
 u - the ring of Zin's Generosity (left hand) {*Corrode rPois Str+9 Int+3 Dex-3}
   (You found it on level 4 of the Dungeon)

   [ring of poison resistance]

   It affects your strength (+9).
   It affects your intelligence (+3).
   It affects your dexterity (-3).
   It protects you from poison.
   It may corrode you when you take damage.
 v - an uncursed amulet of faith {unknown}
 x - an uncursed amulet of faith {unknown}
Wands
 q - a wand of iceblast (10)
Scrolls
 d - 4 scrolls of identify {unknown}
 i - 7 scrolls of teleportation {unknown}
 k - a scroll of remove curse {unknown}
 l - a scroll of enchant armour {unknown}
 r - a scroll of amnesia {unknown}
 s - 3 scrolls of magic mapping {unknown}
 w - a scroll of immolation {unknown}
 y - a scroll of random uselessness {unknown}
Potions
 e - 2 potions of might {unknown}
 g - 3 potions of brilliance {unknown}
 m - 2 potions of curing {unknown}
 n - 2 potions of heal wounds {unknown}
 o - a potion of degeneration {unknown}
 t - a potion of haste
Books
 b - a book of Flames

   Spells                             Type                      Level
   a - Flame Tongue                   Conjuration/Fire             1
   b - Throw Flame                    Conjuration/Fire             2
   c - Conjure Flame                  Conjuration/Fire             3
   d - Inner Flame                    Hexes/Fire                   3
   e - Sticky Flame                   Conjuration/Fire             4
   f - Fireball                       Conjuration/Fire             5
Comestibles
 c - 19 rations


   Skills:
 + Level 0.5 Fighting
 + Level 3.6 Dodging
 - Level 2.4 Stealth
 + Level 7.6 Spellcasting
 * Level 7.2 Conjurations
 + Level 6.1 Fire Magic


You had 9 spell levels left.
You knew the following spells:

 Your Spells              Type           Power        Failure   Level  Hunger
a - Flame Tongue          Conj/Fire      #####        1%          1    None
b - Conjure Flame         Conj/Fire      #####...     1%          3    None
c - Sticky Flame          Conj/Fire      #####...     3%          4    ##.....
d - Fireball              Conj/Fire      #####.....   11%         5    #####..


Dungeon Overview and Level Annotations

Branches:
Dungeon (5/15)             Temple (1/1) D:5

Altars:
Ashenzari
Elyvilon
Fedhas
Hepliaklqana
Kikubaaqudgha
Nemelex Xobeh
Okawaru
Qazlal
Ru
Vehumet
Wu Jian
Xom


Message History

You are feeling hungry.
The orc throws a tomahawk.
The tomahawk misses you.
An adder comes into view.
Casting: Sticky Flame
Confirm with . or Enter, or press ? or * to list all spells.
Aiming: Flame Tongue
Press: ? - help, Shift-Dir - straight line, f - orc
Aim: an orc, wielding a flail and wearing a leather armour (severely wounded)
You miscast Flame Tongue.
You are very lightly contaminated with residual magic.
Nothing appears to happen.
The adder hisses angrily.
Casting: Flame Tongue
Confirm with . or Enter, or press ? or * to list all spells.
Aiming: Sticky Flame
Press: ? - help, Shift-Dir - straight line, f/p - orc
Aim: an orc, wielding a flail and wearing a leather armour (severely wounded)
You miscast Sticky Flame.
You smell something strange.
The orc hits you with a flail!
You die...

###### #####..... ...
#######......... ...
#........##.### ..#
#.######.##.# ..# #.#
#.##.## ..# #
#.######....<# ..##S..
...)..[..##..#####.......
#(######.##(....@o)......
#.# #.##.######.###.##
#.# #....# .# #.# #....#
.. #.# #...## ### #.#
#..# #.# #.. #.#


You could see an adder and an orc.

Vanquished Creatures
  Edmund (D:5)
  The ghost of xight the Magician, an amateur DEFE (D:3)
  A sky beast (D:5)
  An ogre (D:5)
  A phantom (D:4)
  A centaur (D:5)
  3 howler monkeys
  A quasit (D:5)
  A bullfrog skeleton (D:5)
  4 hounds
  5 orc priests
  Crazy Yiuf (D:2)
  2 jellies (D:5)
  2 orc wizards (D:5)
  Terence (D:3)
  4 adders
  5 worms
  A dart slug (D:1)
  3 leopard geckos
  8 orcs
  2 ball pythons
  2 giant cockroaches (D:1)
  4 goblins
  7 hobgoblins
  4 jackals (D:5)
  6 bats
  5 frilled lizards
  A jackal skeleton (D:5)
  10 kobolds
  6 rats
94 creatures vanquished.

Notes
Turn   | Place    | Note
-------+----------+-------------------------------------------
     0 | D:1      | Suckerboh the Deep Elf Fire Elementalist began the quest for the Orb.
     0 | D:1      | Reached XP level 1. HP: 10/10 MP: 6/6
   161 | D:1      | Reached XP level 2. HP: 13/15 MP: 4/8
  1048 | D:2      | Reached XP level 3. HP: 19/19 MP: 4/9
  1635 | D:2      | Found a runed door.
  1726 | D:2      | Noticed a bullfrog
  1726 | D:2      | Noticed a water moccasin
  1957 | D:3      | Noticed Terence
  1975 | D:3      | Killed Terence
  1975 | D:3      | Reached XP level 4. HP: 14/24 MP: 0/12
  2115 | D:3      | Reached XP level 5. HP: 6/28 MP: 4/13
  2188 | D:3      | Learned a level 3 spell: Conjure Flame
  2193 | D:3      | Learned a level 4 spell: Sticky Flame
  2199 | D:3      | Learned a level 5 spell: Fireball
  2296 | D:3      | Noticed xight's ghost (amateur DEFE)
  2303 | D:3      | Killed xight's ghost
  2303 | D:3      | Reached skill level 5 in Spellcasting
  3230 | D:2      | Noticed Crazy Yiuf
  3235 | D:2      | Killed Crazy Yiuf
  3235 | D:2      | Reached XP level 6. HP: 32/32 MP: 7/15
  3426 | D:4      | Got a scintillating turquoise ring
  3430 | D:4      | Identified the ring of Zin's Generosity {*Corrode rPois Str+9 Int+3 Dex-3} (You found it on level 4 of the Dungeon)
  3566 | D:4      | Reached skill level 5 in Conjurations
  3566 | D:4      | Reached skill level 5 in Fire Magic
  3825 | D:5      | Entered Level 5 of the Dungeon
  3834 | D:5      | Reached XP level 7. HP: 31/36 MP: 7/18
  4187 | D:5      | Noticed Edmund
  4191 | D:5      | Found a white marble altar of Elyvilon.
  4205 | D:5      | Killed Edmund
  4601 | D:5      | Found a staircase to the Ecumenical Temple.
  4624 | Temple   | Entered the Ecumenical Temple
  4678 | Temple   | Became a worshipper of Vehumet
  4733 | D:5      | Reached XP level 8. HP: 26/41 MP: 14/20
  4856 | D:5      | HP: 2/42 [centaur (7)]
  5172 | D:5      | HP: 1/42 [orc priest/nerve-wracking pain (5)]
  5175 | D:5      | Mangled by an orc

Skill      XL: |  1  2  3  4  5  6  7  8 |
---------------+-------------------------+-----
Fire Magic     | 4 5 6 |  6.1
Conjurations   | 2 3 4 5 6 7 |  7.2
Spellcasting   | 4 5 6 7 |  7.6
Dodging        | 3 |  3.6
Fighting       | |  0.5
Stealth        | |  2.4

Action                   |  1- 3 |  4- 6 |  7- 9 || total
-------------------------+-------+-------+-------++-------
Melee: Unarmed           |     1 |       |       ||     1
       Short sword       |     3 |    13 |     4 ||    20
 Cast: Flame Tongue      |    70 |    66 |    73 ||   209
       Conjure Flame     |       |     2 |       ||     2
       Sticky Flame      |       |     1 |     9 ||    10
 Stab: Sleeping          |       |     2 |       ||     2
  Eat: Chunk             |     2 |     7 |     4 ||    13
Armor: Robe              |     7 |     4 |    17 ||    28
Dodge: Dodged            |    31 |    13 |    31 ||    75
